 Dungeon Crawl Stone Soup version 0.30.0-13-g156ef70053 (webtiles) character file.

Game seed: 6964351312945540419

2 monsoonserge the Vexing (level 1, 16/16 HPs)
             Began as a Meteoran Hexslinger on May 17, 2023.
             Quit the game on level 1 of the Dungeon.
             The game lasted 00:01:28 (296 turns).

monsoonserge the Vexing (Meteoran Hexslinger)        Turns: 296, Time: 00:01:29

Health: 16/16      AC:  2    Str: 11    XL:     1   Next: 42%
Magic:  3/3        EV: 12    Int: 14    God:
Gold:   22         SH:  0    Dex: 14    Spells: 1/2 levels left

rFire   . . .        a - +1 sling
rCold   . . .        (no shield)
rNeg    . . .        c - +0 robe
rPois   .            (no helmet)
rElec   .            (no cloak)
rCorr   .            (no gloves)
SInv    .            (no boots)
Will    .....        (no amulet)
Stlth   +            (no ring)
HPRegen 0.22/turn    (no ring)
MPRegen 0.08/turn

%: no passive effects
@: glowing
A: sense surroundings 1, otherworldly, glowing, explore regen
a: no special abilities


You were on level 1 of the Dungeon.
You visited 1 branch of the dungeon, and saw 1 of its levels.

You collected 22 gold pieces.

Inventory:

Hand Weapons
 a - a +1 sling (weapon)
Armour
 c - a +0 robe (worn)
Scrolls
 b - a scroll of poison
 e - 3 scrolls of identify {unknown}
Potions
 d - a potion of might {unknown}


   Skills:
 + Level 1.1 Fighting
 + Level 2.1 Ranged Weapons
 + Level 2.4 Dodging
 + Level 1.3 Spellcasting
 + Level 3.8 Hexes


You had one spell level left.
You knew the following spells:

 Your Spells              Type           Power      Damage    Failure   Level
a - Slow                  Hex            44%        N/A       5%          1

Your spell library contained the following spells:

 Spells                   Type           Power      Damage    Failure   Level
 Inner Flame              Hex/Fire       6%         N/A       34%         3
 Portal Projectile        Hex/Tloc       12%        N/A       34%         3
 Cause Fear               Hex            5%         N/A       45%         4


Dungeon Overview and Level Annotations

Branches:
Dungeon (1/15) Zot: 302

Altars:


Innate Abilities, Weirdness & Mutations

You passively map a small area around you.
You are easily found by Zot.
You glow in the dark.
You regain HP and MP as you explore.


Message History

e - a scroll labelled WOZUJE EPTUB A kobold comes into view.
It is wielding a +0 dagger.
The kobold shouts!
Aiming: Slow (safe; 6% risk of failure)
Press: ? - help, Q - select action, (/) - cycle Shift-Dir - straight line, f - kobold
Aim: a kobold, wielding a +0 dagger (chance to affect: 62%)
The kobold resists with significant effort.
Fire: a) +1 sling
Press: ? - help, Q - select action, (/) - cycle Shift-Dir - straight line, f/p - kobold
Aim: a kobold, wielding a +0 dagger (50% to hit)
You shoot a sling bullet.
The sling bullet closely misses the kobold.
Unknown command.
Fire: a) +1 sling
Press: ? - help, Q - select action, (/) - cycle Shift-Dir - straight line, f/p - kobold
Aim: a kobold, wielding a +0 dagger (50% to hit)
You shoot a sling bullet.
The sling bullet barely misses the kobold.
Fire: a) +1 sling
Press: ? - help, Q - select action, (/) - cycle Shift-Dir - straight line, f/p - kobold
Aim: a kobold, wielding a +0 dagger (50% to hit)
You shoot a sling bullet. The sling bullet hits the kobold.
You kill the kobold!
Unknown command.
Found a scroll labelled WOZUJE EPTUB.
e - 2 scrolls labelled WOZUJE EPTUB (gained 1)
You open the door.
There is an open door here.
Found a scroll labelled WOZUJE EPTUB.
e - 3 scrolls labelled WOZUJE EPTUB (gained 1)
A bat comes into view.
Fire: a) +1 sling
Press: ? - help, Q - select action, (/) - cycle Shift-Dir - straight line, f - bat
Aim: a bat (42% to hit)
You shoot a sling bullet. The sling bullet hits the bat.
You kill the bat!
Sorry, I don't know how to traverse that place.
There is an open door here.
Found an escape hatch in the floor.
Are you sure you want to abandon this character and quit the game? (Confirm with "yes".)

#####'###.####.#
#.........#....#
,
*#.........#.####
, #.........#.# ,
#.........#.# ,
#........##.#
#........##.# ,
###########.# ,
,############@#
#............#
#............#
#...........)#
#............#
#............#
#............#
#............#
#............#


There were no monsters in sight!

Vanquished Creatures
  A bat (D:1)
  A kobold (D:1)
2 creatures vanquished.

Notes
Turn   | Place    | Note
-------+----------+-------------------------------------------
     0 | D:1      | monsoonserge the Meteoran Hexslinger began the quest for
                  | the Orb.
     0 | D:1      | Reached XP level 1. HP: 16/16 MP: 3/3
   296 | D:1      | Quit the game

Illustrated notes

Levels and vault maps discovered:
D:1:      heliophobic_arrival_dark_side_of_the_moon, layout_basic

Action                     || total
---------------------------++-------
   Fire: Sling             ||     4
   Cast: Slow              ||     1
